 Dungeon Crawl Stone Soup version 0.30.1-11-g7821555f0a (webtiles) character file.

Game seed: 12972377527479023765

77 Scypho the Poker (level 4, -3/33 HPs)
             Began as a Merfolk Gladiator on Dec 2, 2023.
             Slain by Natasha (7 damage)
             ... on level 4 of the Dungeon.
             The game lasted 00:04:32 (2043 turns).

Scypho the Poker (Merfolk Gladiator)                Turns: 2043, Time: 00:04:33

Health: -3/33      AC:  6    Str: 14    XL:     4   Next: 34%
Magic:  4/4        EV: 13    Int:  5    God:
Gold:   135        SH:  5    Dex: 15    Spells: 3/3 levels left

rFire   + + +        a - +1 trident
rCold   . . .        (no shield)
rNeg    + . .        b - +0 leather armour
rPois   .            c - +0 helmet
rElec   +            (no cloak)
rCorr   .            (no gloves)
SInv    .            u - +1 pair of boots of Youthful Indiscretion {rElec rF+++ rN+ Int-4}
Will    .....        q - amulet of reflection
Stlth   +            i - ring of flight
HPRegen 0.25/turn    (no ring)
MPRegen 0.09/turn

%: reflection
@: flying
A: (nimble swimmer 2), mertail
a: no special abilities


You were on level 4 of the Dungeon.
You visited 1 branch of the dungeon, and saw 4 of its levels.

You collected 135 gold pieces.

Inventory:

Hand Weapons
 a - a +1 trident (weapon)
Missiles
 d - 3 throwing nets (quivered)
 e - a javelin
Armour
 b - a +0 leather armour (worn)
 c - a +0 helmet (worn)
 g - a +0 pair of gloves
 s - a +0 pair of boots
 u - the +1 pair of boots of Youthful Indiscretion (worn) {rElec rF+++ rN+ Int-4}
   (You found it on level 3 of the Dungeon)

   Int:       It affects your intelligence (-4).
   rF:        It renders you almost immune to fire.
   rElec:     It insulates you from electricity.
   rN:        It protects you from negative energy.
Jewellery
 i - a ring of flight (left hand)
 l - an amulet of guardian spirit
 q - an amulet of reflection (around neck)
 t - a ring of fire
Scrolls
 f - a scroll of immolation {unknown}
 n - a scroll of enchant weapon
 p - a scroll of teleportation {unknown}
Potions
 h - 2 potions of heal wounds
 j - 2 potions of mutation
 k - a potion of haste {unknown}
 m - a potion of magic {unknown}
 o - a potion of ambrosia {unknown}
 r - a potion of berserk rage {unknown}
 v - a potion of resistance {unknown}


   Skills:
 - Level 2.1 Fighting
 + Level 6.7 Polearms
 - Level 2.0 Throwing
 - Level 4.0 Dodging


You had 3 spell levels left.
You didn't know any spells.
Your spell library contained the following spells:

 Spells                   Type           Power      Damage    Failure   Level
 Sandblast                Erth           0%         2d4       56%         1
 Passwall                 Tmut/Erth      0%         N/A       71%         2
 Stone Arrow              Conj/Erth      0%         3d7       90%         3


Dungeon Overview and Level Annotations

Branches:
Dungeon (4/15)
 Temple: D:4-7

Altars:
Qazlal

Annotations:
D:4 Natasha


Innate Abilities, Weirdness & Mutations

((You are very nimble when in or above water. (Stealth+, EV+, Speed+++)))
Your lower body shifts to a powerful aquatic tail in water.


Message History

Natasha howls an incantation.
Natasha shimmers violently.
You hit Natasha but do no damage. Your punch misses Natasha. Natasha claws you.
The endoplasm freezes you.
You are frozen.
You barely miss Natasha. Natasha claws you. The endoplasm freezes you.
You are frozen.
You closely miss Natasha.
Natasha wildly gestures.
Natasha glows brightly for a moment.
Natasha claws you. The endoplasm freezes you.
You are frozen.
* * * LOW HITPOINT WARNING * * *
You closely miss Natasha. Natasha completely misses you.
The endoplasm barely misses you.
You closely miss Natasha. Natasha claws you but does no damage.
The endoplasm closely misses you.
You barely miss Natasha. Your punch misses Natasha. Natasha barely misses you.
The endoplasm barely misses you.
You barely miss Natasha. Natasha claws you.
* * * LOW HITPOINT WARNING * * *
You closely miss Natasha. The endoplasm freezes you.
You are frozen.
* * * LOW HITPOINT WARNING * * *
Natasha barely misses you.
You puncture Natasha! The endoplasm freezes you.
You are frozen.
* * * LOW HITPOINT WARNING * * *
Natasha mewls in sadness.
Natasha barely misses you.
You barely miss Natasha. The endoplasm freezes you.
You are frozen.
* * * LOW HITPOINT WARNING * * *
Natasha claws you!
You die...

###### #
#....# ?#
#.h..# .#
#..@.#..#
#.J.<..#
........###
........$.
#####....##
#....#
######


You could see Natasha and an endoplasm.

Vanquished Creatures
  3 adders (D:3)
  3 dart slugs
  An endoplasm (D:2)
  2 giant cockroaches
  8 goblins
  3 hobgoblins (D:1)
  6 jackals
  A kobold (D:2)
  2 quokkas
  3 ball pythons
  5 bats
  3 rats
40 creatures vanquished.

Notes
Turn   | Place    | Note
-------+----------+-------------------------------------------
     0 | D:1      | Scypho the Merfolk Gladiator began the quest for the Orb.
     0 | D:1      | Reached XP level 1. HP: 16/16 MP: 1/1
   183 | D:1      | Reached XP level 2. HP: 21/22 MP: 2/2
   226 | D:1      | Reached skill level 5 in Polearms
   558 | D:1      | Reached XP level 3. HP: 27/27 MP: 3/3
  1579 | D:3      | Found a stormy altar of Qazlal.
  1670 | D:3      | Reached skill level 6 in Polearms
  1742 | D:3      | Reached XP level 4. HP: 33/33 MP: 4/4
  1851 | D:3      | Identified the +1 pair of boots of Youthful Indiscretion
                  | {rElec rF+++ rN+ Int-4}
  1997 | D:3      | Found a faded altar of an unknown god.
  2032 | D:4      | Noticed Natasha
  2043 | D:4      | Slain by Natasha

Illustrated notes

Levels and vault maps discovered:
D:1:      amcnicky_arrival_underground_garden, layout_loops_ring,
          chequers_serial_rivers_marsh, st_stairs_8
D:2:      layout_basic
D:3:      layout_rooms, lemuel_crystal_altar, chequers_ecumenical_altar_simple,
          st_stairs_9, saegor_snake_ambush
D:4:      layout_rooms, lightli_sewer_entry_pipes, uniq_natasha

Skill      XL: |  1  2  3 |
---------------+----------+-----
Polearms       | 5 6 |  6.7
Fighting       | |  2.1
Throwing       | |  2.0
Dodging        | |  4.0

Action                     |  1- 3 |  4- 6 || total
---------------------------+-------+-------++-------
  Melee: Trident           |   105 |    31 ||   136
         Punch             |     1 |       ||     1
    Use: Scroll            |     2 |     1 ||     3
   Stab: Sleeping          |       |     1 ||     1
 Armour: Leather armour    |    11 |     5 ||    16
  Dodge: Dodged            |    45 |    17 ||    62
  Block: Other             |     8 |     5 ||    13
